 Dungeon Crawl Stone Soup version 0.22-a0-409-gb855193 (webtiles) character file.

77 JeffiDaFish the Firebug (level 4, 0/24 HPs)
             Began as a Deep Elf Fire Elementalist on May 10, 2018.
             Slain by Grinder (4 damage)
             ... on level 3 of the Dungeon.
             The game lasted 00:08:06 (3221 turns).

JeffiDaFish the Firebug (DEFE)                      Turns: 3221, Time: 00:08:07

Health: 0/24       AC:  3    Str:  5    XL:     4   Next: 13%
Magic:  5/11       EV: 13    Int: 21    God:
Gold:   143        SH:  0    Dex: 15    Spells: 2/10 levels left

rFire    . . .     SeeInvis .   h - +4 whip
rCold    . . .     Gourm    .   (no shield)
rNeg     + . .     Faith    .   a - +0 robe
rPois    .         Spirit   .   (no helmet)
rElec    .         Reflect  .   (no cloak)
rCorr    .         Harm     .   (no gloves)
MR       .....                  e - +0 pair of boots
Stlth    ++........             (no amulet)
HPRegen  0.08/turn              f - ring of positive energy
MPRegen  0.12/turn              (no ring)

@: no status effects
A: no striking features
a: no special abilities


You were on level 3 of the Dungeon.
You were not hungry.

You visited 1 branch of the dungeon, and saw 3 of its levels.

You collected 143 gold pieces.

Inventory:

Hand Weapons
 b - a +2 dagger of holy wrath
 h - a +4 whip (weapon)
Armour
 a - a +0 robe (worn)
 e - a +0 pair of boots (worn)
Jewellery
 f - a ring of positive energy (left hand)
Wands
 j - a wand of flame (23)
Scrolls
 g - 4 scrolls of remove curse
 i - 3 scrolls of identify
Comestibles
 c - 5 rations
 d - a chunk of flesh


   Skills:
 + Level 0.6 Fighting
 + Level 3.0 Dodging
 - Level 2.4 Stealth
 * Level 3.9 Spellcasting
 * Level 2.4 Conjurations
 * Level 4.0 Fire Magic


You had 2 spell levels left.
You knew the following spells:

 Your Spells              Type           Power        Failure   Level  Hunger
a - Flame Tongue          Conj/Fire      ###..        3%          1    None
b - Conjure Flame         Conj/Fire      ###.....     10%         3    ###....
c - Sticky Flame          Conj/Fire      ###.....     32%         4    ####...


Dungeon Overview and Level Annotations

Branches:
Dungeon (3/15)

Altars:

Annotations:
D:3 Grinder


Message History

Casting: Flame Tongue (safe; 3% risk of failure)
Confirm with . or Enter, or press ? or * to list all spells.
Aiming: Flame Tongue (safe; 3% risk of failure)
Press: ? - help, Shift-Dir - straight line, f/p - Grinder
Aim: Grinder (lightly wounded)
The flame tongue hits Grinder.
Grinder is lightly wounded.
Grinder says, "Wait up."
Grinder gestures at you.
You suddenly lose the ability to move!
Grinder hits you!
* * * LOW HITPOINT WARNING * * *
You can move again.
Casting: Flame Tongue (safe; 3% risk of failure)
Confirm with . or Enter, or press ? or * to list all spells.
Aiming: Flame Tongue (safe; 3% risk of failure)
Press: ? - help, Shift-Dir - straight line, f/p - Grinder
Aim: Grinder (lightly wounded)
The flame tongue misses Grinder.
Grinder hits you.
You die...

...........# ##..# ..#
...........# ##.##...#
.......(#########..#...##.
......................>...
........###......#....<...
........###.##..#)#....#.#
............#..#._.#...#
.##.........#.[.#.#..###
..#.........#..5@#...##
..#.........#............
..#.........#.#..##.####.
..#.....(...#.......##
..#########.###..#...# ..#
#........#..#.#.###.#### ..#
##.###.#.#..#5#.........
..#####.###.#.#..#.#...?...!.
..#.........#.#..#.#...ยง.....


You could see Grinder.

Vanquished Creatures
  Ijyb (D:3)
  An ooze (D:3)
  3 dart slugs
  A ball python (D:3)
  2 bats (D:1)
  3 giant cockroaches
  6 goblins
  7 hobgoblins
  A frilled lizard (D:1)
  10 kobolds
  2 rats
37 creatures vanquished.

Notes
Turn   | Place    | Note
-------+----------+-------------------------------------------
     0 | D:1      | JeffiDaFish the Deep Elf Fire Elementalist began the quest for the Orb.
     0 | D:1      | Reached XP level 1. HP: 10/10 MP: 6/6
   384 | D:1      | Reached XP level 2. HP: 15/15 MP: 5/8
  1491 | D:2      | Reached XP level 3. HP: 19/20 MP: 4/9
  2387 | D:3      | Learned a level 3 spell: Conjure Flame
  2643 | D:3      | Found a faded altar of an unknown god.
  2654 | D:3      | Noticed Ijyb
  2663 | D:3      | Killed Ijyb
  2663 | D:3      | Reached XP level 4. HP: 17/24 MP: 2/11
  2784 | D:3      | Noticed Grinder
  2794 | D:3      | Learned a level 4 spell: Sticky Flame
  2824 | D:3      | Paralysed by Grinder for 5 turns
  2851 | D:3      | Paralysed by Grinder for 3 turns
  3126 | D:3      | Reached skill level 4 in Fire Magic
  3219 | D:3      | Paralysed by Grinder for 2 turns
  3221 | D:3      | Slain by Grinder

Vault maps used:
D:1:      dpeg_arrival_yet_another_circle
D:3:      chequers_ecumenical_altar_simple_redux, uniq_ijyb, uniq_grinder

Skill      XL: |  1  2  3  4 |
---------------+-------------+-----
Conjurations   | 2 |  2.4
Dodging        | 3 |  3.0
Fire Magic     | 4 |  4.0
Fighting       | |  0.6
Stealth        | |  2.4
Spellcasting   | |  3.9

Action                   |  1- 3 |  4- 6 || total
-------------------------+-------+-------++-------
Melee: Short sword       |    12 |       ||    12
       Whip              |    25 |     8 ||    33
 Cast: Flame Tongue      |    39 |    12 ||    51
       Sticky Flame      |       |     1 ||     1
  Use: Scroll            |     5 |       ||     5
       Potion            |     2 |     1 ||     3
 Stab: Sleeping          |     6 |       ||     6
  Eat: Chunk             |     5 |     2 ||     7
Armor: Robe              |    16 |     1 ||    17
Dodge: Dodged            |    35 |     6 ||    41

Table legend:
 A = Spawn XP
 B = Non-spawn XP
 C = Spawn XP percentage of total XP
 D = Spawn monster count
 E = Non-spawn monster count
 F = Spawn count percentage of total count
 G = Total turns spent on level
                    A         B        C        D         E        F      G
               +---------+---------+-------+---------+---------+-------+---------
         Total |       0 |     110 |   0.0 |       0 |      37 |   0.0 |  3221
               +---------+---------+-------+---------+---------+-------+---------
           D:1 |       0 |      33 |   0.0 |       0 |      19 |   0.0 |  1102
           D:2 |       0 |      13 |   0.0 |       0 |       7 |   0.0 |  1271
           D:3 |       0 |      64 |   0.0 |       0 |      11 |   0.0 |   848
               +---------+---------+-------+---------+---------+-------+---------
